 Dungeon Crawl Stone Soup version 0.29-a0-362-g5854e031c7 (webtiles) character file.

Game seed: 4230491737973869147

92 BritishOli the Slasher (level 4, -2/35 HPs)
             Began as a Demonspawn Monk on Apr 29, 2022.
             Was a Believer of Okawaru.
             Slain by a gnoll
             ... wielding a +0 whip
              (5 damage)
             ... on level 2 of the Dungeon.
             The game lasted 00:04:05 (2811 turns).

BritishOli the Slasher (Demonspawn Monk)            Turns: 2811, Time: 00:04:05

Health: -2/35      AC:  7    Str: 13    XL:     4   Next: 35%
Magic:  1/5        EV: 12    Int: 11    God:    Okawaru [**....]
Gold:   181        SH:  0    Dex: 16    Spells: 5/5 levels left

rFire   . . .      SeeInvis .   a - +0 falchion
rCold   . . .      Faith    .   (no shield)
rNeg    . . .      Spirit   .   g - +0 leather armour
rPois   .          Reflect  .   r - +2 helmet
rElec   .          Harm     .   o - scarf {repulsion}
rCorr   .          Rampage  .   (no gloves)
Will    .....                   k - +0 pair of boots
Stlth   ++........              (no amulet)
HPRegen 0.11/turn               (no ring)
MPRegen 0.09/turn               (no ring)

@: repel missiles
A: ignite blood 1, demonic touch 1
a: Renounce Religion, Heroism


You were on level 2 of the Dungeon.
You worshipped Okawaru.
Okawaru was pleased with you.
You visited 1 branch of the dungeon, and saw 3 of its levels.

You collected 181 gold pieces.

Inventory:

Hand Weapons
 a - a +0 falchion (weapon)
Missiles
 m - 2 javelins (quivered)
Armour
 g - a +0 leather armour (worn)
 k - a +0 pair of boots (worn)
 o - a scarf of repulsion (worn)
 r - a +2 helmet (worn)
Scrolls
 d - 8 scrolls of identify {unknown}
 h - a scroll of noise {unknown}
 i - 2 scrolls of teleportation {unknown}
 l - a scroll of silence {unknown}
 p - a scroll of vulnerability {unknown}
Potions
 b - 3 potions of lignification {unknown}
 c - a potion of ambrosia
 e - a potion of mutation {unknown}
 f - a potion of invisibility {unknown}
 j - a potion of haste {unknown}
 n - a potion of curing {unknown}
 q - a potion of magic {unknown}


   Skills:
 + Level 3.4 Fighting
 * Level 3.4 Long Blades
 + Level 1.0 Armour
 + Level 3.1 Dodging
 - Level 2.1 Stealth
 - Level 1.1 Spellcasting


You had 5 spell levels left.
You didn't know any spells.
Your spell library contained the following spells:

 Spells                   Type           Power      Damage    Failure   Level
 Stone Arrow              Conj/Erth      0%         3d7       77%         3
 Lehudib's Crystal Spear  Conj/Erth      0%         10d2      100%        8
 Animate Armour           Summ/Erth      Unusable   N/A       N/A         4

Dungeon Overview and Level Annotations

Branches:
Dungeon (3/15)

Altars:
Okawaru


Innate Abilities, Weirdness & Mutations

Your demonic aura sometimes causes spilled blood to erupt in flames.
Your touch may inflict minor irresistible damage on your foes.


Message History

The gnoll barely misses you. x3
You hit the gnoll.
The gnoll is severely wounded.
The gnoll hits you from afar with a +2 antimagic spear.
You feel your power leaking away. The gnoll barely misses you. x2
You barely miss the gnoll.
The gnoll is severely wounded.
The gnoll barely misses you. The gnoll hits you with a +0 whip.
The gnoll barely misses you. x3; The gnoll misses you.
You hit the gnoll.
The gnoll is almost dead.
The gnoll hits you from afar with a +2 antimagic spear!
You feel your power leaking away. The gnoll misses you.
The gnoll hits you with a +0 club.
You are too injured to fight recklessly!
You are too injured to fight recklessly!
The gnoll attacks as you move away! The gnoll closely misses you.
You barely miss the gnoll.
The gnoll is almost dead.
The gnoll closely misses you.
The gnoll hits you from afar with a +2 antimagic spear.
The gnoll completely misses you. The gnoll attacks as you move away!
The gnoll hits you with a +0 whip!
* * * LOW HITPOINT WARNING * * *
The gnoll barely misses you.
There is a stone staircase leading up here.
The gnoll closely misses you.
You climb upwards.
There is a stone staircase leading down here.
You hit the gnoll.
The gnoll is moderately wounded.
The gnoll hits you but does no damage.
You barely miss the gnoll. Your touch misses the gnoll.
The gnoll is moderately wounded.
The gnoll misses you.
You hit the gnoll.
The gnoll is heavily wounded.
The gnoll hits you with a +0 whip.
You die...

##.## ### #.#
#########.#####.##
######.................
#......#######.#####.##
#...........##.#####†##
#......##..............
#....g...<#.###......##
#.....@......).........
#.....#.....###.#######
#.....###.#####.#
#.....# #.....#.# ##
#.....# #.#.....#### #.
#.....# ##(........# #.
#.....# #.........# #.
####### #.........# #.
#.........###.


You could see a gnoll.

Vanquished Creatures
  A gnoll (D:3)
  An adder (D:2)
  4 dart slugs
  An orc (D:3)
  2 ball pythons
  8 endoplasms
  3 giant cockroaches (D:1)
  12 goblins
  7 hobgoblins
  2 jackals (D:1)
  A quokka (D:1)
  8 bats
  2 frilled lizards
  2 kobolds
  3 rats
57 creatures vanquished.

Vanquished Creatures (others)
  A plant (D:1)
1 creature vanquished.

Grand Total: 58 creatures vanquished

Notes
Turn   | Place    | Note
-------+----------+-------------------------------------------
     0 | D:1      | BritishOli the Demonspawn Monk began the quest for the Orb.
     0 | D:1      | Reached XP level 1. HP: 18/18 MP: 1/1
   408 | D:1      | Gained mutation: Your demonic aura sometimes causes spilled
                  | blood to erupt in flames. [demonic ancestry]
   408 | D:1      | Reached XP level 2. HP: 23/24 MP: 2/2
   912 | D:1      | Gained mutation: Your touch may inflict minor irresistible
                  | damage on your foes. [demonic ancestry]
   912 | D:1      | Reached XP level 3. HP: 18/29 MP: 4/4
  1185 | D:1      | Found a faded altar of an unknown god.
  1605 | D:2      | Reached skill level 1 in Spellcasting
  1965 | D:2      | Reached XP level 4. HP: 35/35 MP: 5/5
  2709 | D:3      | Found an iron altar of Okawaru.
  2750 | D:3      | Became a worshipper of Warmaster Okawaru
  2750 | D:3      | Reached * piety under Okawaru
  2750 | D:3      | Reached ** piety under Okawaru
  2796 | D:3      | Reached skill level 1 in Armour
  2811 | D:2      | Slain by a gnoll

Illustrated notes

Levels and vault maps discovered:
D:1:      dpeg_arrival_rhombi, layout_basic,
          chequers_ecumenical_altar_simple_redux, serial_forest,
          infiniplex_forest_side_room, infiniplex_forest_end_2,
          infiniplex_forest_lined_3_way, infiniplex_forest_lined_ring,
          infiniplex_forest_lined_room_3, infiniplex_forest_lined_2,
          infiniplex_forest_clump_medium, infiniplex_forest_clump_double
D:2:      kennysheep_the_goblin_king, layout_basic
D:3:      minmay_door_path, layout_loops_corners, mainiacjoe_overflow_boulevard,
          nicolae_uskayaw_dance_hall

Skill      XL: |  1  2  3  4 |
---------------+-------------+-----
Stealth        | 2 |  2.1
Long Blades    | 3 |  3.4
Dodging        | 3 |  3.1
Spellcasting   | 1 |  1.1
Armour         | 1 |  1.0
Fighting       | |  3.4

Action                   |  1- 3 |  4- 6 || total
-------------------------+-------+-------++-------
Melee: Falchion          |   123 |    35 ||   158
       Punch             |     1 |       ||     1
       Touch             |     9 |     4 ||    13
 Stab: Sleeping          |     5 |     3 ||     8
Armor: Robe              |     7 |       ||     7
       Leather armour    |    25 |    11 ||    36
Dodge: Dodged            |    80 |    28 ||   108
       Repelled          |     1 |       ||     1

Table legend: (Time is in decaauts)
 A = Elapsed time spent in this place.
 B = Non-inter-level travel time spent in this place.
 C = Inter-level travel time spent in this place.
 D = Time resting spent in this place.
 E = Time spent auto-exploring this place.
 F = Levels seen in this place.
 G = Mean time per level.
                   A        B        C        D        E       F      G
               +--------+--------+--------+--------+--------+-----+--------+
         Total |   2834 |   2676 |    158 |      0 |   2212 |   3 |  944.7 |
       Dungeon |   2834 |   2676 |    158 |      0 |   2212 |   3 |  944.7 |
               +--------+--------+--------+--------+--------+-----+--------+

Top non-repeatable levels by time:
     D:1: 1609 daAuts
     D:2: 913 daAuts
     D:3: 311 daAuts
